 Dungeon Crawl Stone Soup version 0.19-a0-1568-gdd01aac (webtiles) character file.

8202 dvd the Tainter (level 11, 0/54 HPs)
             Began as an Octopode Venom Mage on Sept 15, 2016.
             Was an Elder of Hepliaklqana.
             Slain by a basilisk (5 damage)
             ... on level 10 of the Dungeon.
             The game lasted 00:41:24 (9495 turns).

dvd the Tainter (Octopode Venom Mage)               Turns: 9495, Time: 00:41:26

Health: 0/54       AC:  7    Str: 10 (11) XL:     11   Next: 27%
Magic:  0/24       EV:  2    Int: 23      God:    Hepliaklqana [****..]
Gold:   567        SH:  0    Dex: 12 (13) Spells: 3 memorised, 18 levels left

rFire  . . .     SeeInvis +     A - +10 mace "Beast's Regret" {vamp, +Rage +Fly Str+4}
rCold  . . .     Gourm    .     E - +1 shield {reflect}
rNeg   + + +     Faith    .     j - +2 hat {Spirit}
rPois  ∞         Spirit   +     H - amulet of regeneration
rElec  .         Dismiss  .     n - +4 ring of protection
rCorr  .         Reflect  +     z - ring of poison resistance
MR     .....     Harm     .     v - ring of flight
Stlth  ++++++....               t - ring of see invisible
                                (no ring)
                                (no ring)
                                (no ring)
                                (no ring)

@: petrified, studying Stealth
A: almost no armour, stealthy swim, amphibious, 8 rings, constrict 8, reduced
essence, beak, large bone plates 1, camouflage 1, clever 1, deterioration 1,
frail 1, gelatinous body 1
a: Recall Ancestor, Ancestor Identity, Transference, Idealise, Renounce
Religion, Evoke Berserk Rage, Evoke Flight


You were on level 10 of the Dungeon.
You worshipped Hepliaklqana.
Hepliaklqana was greatly pleased with you.
You were not hungry.

You visited 2 branches of the dungeon, and saw 12 of its levels.

You collected 675 gold pieces.
You spent 108 gold pieces at shops.

Inventory:

Hand Weapons
 a - a +3 whip of electrocution
 e - a +3 flail of freezing
 f - a +1 flail of draining
 s - a +0 falchion
 A - the +10 mace "Beast's Regret" (weapon) {vamp, +Rage +Fly Str+4}
   (You found it on level 6 of the Dungeon)

   It inflicts no extra harm, but heals its wielder somewhat when it strikes a
   living foe.
   It affects your strength (+4).
   It lets you fly.
   It lets you go berserk.
 C - a +0 scimitar
 G - the +4 war axe "Oskilouw" {drain, rF+ rC+ MR- SInv}
   (You found it on level 7 of the Dungeon)

   A truly terrible weapon, it drains the life of those it strikes.
   It protects you from fire.
   It protects you from cold.
   It affects your resistance to hostile enchantments.
   It lets you see invisible.
 P - a +2 mace of protection
Armour
 j - a +2 hat of spirit shield (worn)
 E - a +1 shield of reflection (worn)
Jewellery
 n - a +4 ring of protection (left tentacle)
 t - a ring of see invisible (on tentacle)
 u - an uncursed ring of ice
 v - a ring of flight (on tentacle)
 z - a ring of poison resistance (right tentacle)
 H - an amulet of regeneration (around mantle)
Wands
 o - a wand of flame (15/48)
 p - a wand of random effects (27/48)
 x - a wand of digging (10/24)
 F - a wand of enslavement (11/24)
 L - a wand of slowing (13/48)
Scrolls
 g - 3 scrolls of recharging
 l - 5 scrolls of identify
 y - 2 scrolls of teleportation
 D - 2 scrolls of remove curse
 K - a scroll of amnesia
Potions
 h - a potion of resistance {unknown}
 i - a potion of might
 m - 2 potions of haste
 r - 2 potions of agility
 J - a potion of flight
Books
 d - a Young Poisoner's Handbook

   Spells                             Type                      Level
   a - Sting                          Conjuration/Poison           1
   b - Mephitic Cloud                 Conjuration/Poison/Air       3
   c - Olgreb's Toxic Radiance        Poison                       4
   d - Alistair's Intoxication        Transmutation/Poison         5
   e - Venom Bolt                     Conjuration/Poison           5
 q - a manual of Stealth
 w - a book of Unlife

   Spells                             Type                      Level
   a - Recall                         Summoning/Translocation      3
   b - Animate Dead                   Necromancy                   4
   c - Control Undead                 Necromancy                   4
   d - Cigotuvi's Embrace             Necromancy                   5
   e - Death Channel                  Necromancy                   6
   f - Simulacrum                     Ice/Necromancy               6
 B - a book of the Earth

   Spells                             Type                      Level
   a - Leda's Liquefaction            Hexes/Earth                  4
   b - Bolt of Magma                  Conjuration/Fire/Earth       5
   c - Statue Form                    Transmutation/Earth          6
   d - Iron Shot                      Conjuration/Earth            6
   e - Shatter                        Earth                        9
Comestibles
 b - 8 bread rations
 c - 4 meat rations
 k - 12 fruits
 I - 9 royal jellies
 M - 4 beef jerkies
 N - 8 chunks of flesh
 O - a slice of pizza


   Skills:
 + Level 3.9 Fighting
   Level 1.8 Short Blades
 + Level 6.3 Maces & Flails
 + Level 3.7 Dodging
 + Level 9.1 Stealth
 + Level 1.6 Shields
 + Level 9.2 Spellcasting
 + Level 3.7 Conjurations
 + Level 11.2 Poison Magic


You had 18 spell levels left.
You knew the following spells:

 Your Spells              Type           Power        Failure   Level  Hunger
a - Sting                 Conj/Pois      ####         1%          1    None
b - Olgreb's Toxic Radia  Pois           ######..     3%          4    ##.....
c - Venom Bolt            Conj/Pois      #####.....   50%         5    ####...


Dungeon Overview and Level Annotations

Branches:
Dungeon (11/15)            Temple (1/1) D:6             Orc (0/2) D:10
   Lair: D:8-11

Altars:
Ashenzari
Cheibriados
Dithmenos
Elyvilon
Fedhas
Gozag
Hepliaklqana
Kikubaaqudgha
Makhleb
Nemelex Xobeh
Okawaru
Qazlal
Ru
Sif Muna
Trog
Uskayaw
Vehumet
Xom
Yredelemnul
Zin
The Shining One

Shops:
D:6 !   D:8 [


Innate Abilities, Weirdness & Mutations

You cannot wear most types of armour.
You are very stealthy in the water.
You are amphibious.
You can wear up to eight rings at the same time.
You can use your tentacles to constrict eight enemies at once.
Your skin changes colour to match your surroundings (Stealth+).
Your rubbery body absorbs attacks. (AC +1, EV +1)
Your life essence is reduced. (-10% HP)
You have a beak for a mouth.
You are partially covered in large bone plates. (SH +4)
Your mind is acute. (Int +2)
Your body sometimes deteriorates upon taking damage.
You are frail. (-10% HP)


Message History

The cyclops looks more healthy.
The unseen horror hits you!
Your body deteriorates!
You feel weakened.
The unseen horror hits Cihuaton but does no damage.
Cihuaton hits the unseen horror with a flail!
The white ugly thing trunk-slaps you! The white ugly thing freezes you!!
* * * LOW HITPOINT WARNING * * *
Your body deteriorates!
You feel clumsy. The tengu conjurer misses you. The tengu conjurer pecks you.
You block the tengu conjurer's attack. The basilisk gazes at you.
You are slowing down.
Cihuaton blocks the unseen horror's attack.
You climb upwards.
You have turned to stone.
The tengu conjurer casts a spell.
The tengu conjurer conjures a globe of magical energy!
The white ugly thing trunk-slaps you. The white ugly thing freezes you!
* * * LOW HITPOINT WARNING * * *
Cihuaton hits the basilisk with a flail.
The basilisk bites you!
You die...

.................#
.................#
.................#
...(.............#
#................#
##...............#
.................#
#...............u#
..............*l@#
#.##...........QR#
##.#............>#
###..............#
#.#..............#
#................#
.................#
.................#
.................#


You could see the friendly Cihuaton the knight, a white ugly thing, a basilisk,
a tengu conjurer and a battlesphere.

Vanquished Creatures
  Gastronok (D:8)
  A hill giant (D:10)
  A troll (D:10)
  Sigmund (D:3)
  A hippogriff (D:9)
  A soldier ant (D:10)
  An eye of draining (D:10)
  A black bear (D:7)
  2 wasps (D:10)
  3 sky beasts
  4 orc warriors
  3 phantoms
  3 ogres
  A centaur (D:8)
  2 big kobolds
  A wyvern zombie (D:9)
  2 gnoll sergeants
  2 scorpions
  Dowan (D:7)
  2 killer bees (D:9)
  2 wights (D:9)
  A howler monkey (D:6)
  5 orc priests
  2 crimson imps
  4 hounds
  A jelly (D:10)
  13 orc wizards
  3 bullfrog skeletons
  5 iguanas
  Ijyb (D:2)
  5 worker ants
  A killer bee zombie (D:6)
  A hound zombie (D:7)
  A hound skeleton (D:9)
  12 gnolls
  8 adders
  A howler monkey skeleton (D:4)
  3 shadow imps
  An adder zombie (D:9)
  An adder skeleton (D:7)
  2 worms
  A dart slug (D:1)
  8 leopard geckos
  44 orcs
  5 bats
  5 giant cockroaches
  7 goblins
  7 hobgoblins
  18 jackals
  4 quokkas
  4 frilled lizards
  A giant cockroach zombie (D:5)
  A jackal skeleton (D:6)
  17 kobolds
  2 leopard gecko skeletons
  5 rats
236 creatures vanquished.

Vanquished Creatures (collateral kills)
  A centaur zombie (D:10)
  Maurice (D:8)
  A wyvern (D:9)
  A hungry ghost (D:9)
  Duvessa (D:7)
  A swamp drake (D:10)
  An ice beast (D:7)
  A black bear (D:8)
  2 ogres
  A centaur (D:7)
  A killer bee (D:9)
  A wight (D:9)
  A quasit (D:10)
  2 jellies (D:9)
  A centaur skeleton (D:10)
  A hound (D:9)
  An iguana (D:8)
  A giant cockroach (D:8)
20 creatures vanquished.

Vanquished Creatures (others)
  A human (D:4)
1 creature vanquished.

Grand Total: 257 creatures vanquished

Notes
Turn   | Place    | Note
-------+----------+-------------------------------------------
     0 | D:1      | dvd the Octopode Venom Mage began the quest for the Orb.
     0 | D:1      | Reached XP level 1. HP: 11/11 MP: 3/3
   132 | D:1      | Reached skill level 5 in Poison Magic
   250 | D:1      | Reached XP level 2. HP: 17/17 MP: 1/5
   852 | D:2      | Reached XP level 3. HP: 10/21 MP: 1/6
   956 | D:2      | Found a sparkling altar of Nemelex Xobeh.
   965 | D:2      | Noticed Ijyb
  1151 | D:2      | Killed Ijyb
  1151 | D:2      | Reached skill level 1 in Conjurations
  1151 | D:2      | Reached XP level 4. HP: 27/27 MP: 2/7
  1529 | D:2      | Learned a level 4 spell: Olgreb's Toxic Radiance
  1969 | D:3      | Found a hide-covered altar of Uskayaw.
  2011 | D:3      | Reached XP level 5. HP: 14/32 MP: 0/9
  2224 | D:3      | Noticed Sigmund
  2243 | D:3      | Killed Sigmund
  2243 | D:3      | Reached skill level 1 in Fighting
  2243 | D:3      | Reached skill level 1 in Short Blades
  2243 | D:3      | Reached skill level 6 in Poison Magic
  2243 | D:3      | Reached XP level 6. HP: 32/38 MP: 0/11
  3311 | D:4      | Reached XP level 7. HP: 43/43 MP: 10/12
  3376 | D:4      | Found an ancient bone altar of Kikubaaqudgha.
  3381 | D:4      | Noticed a human
  3383 | D:4      | Killed a human
  3444 | D:4      | Reached skill level 5 in Stealth
  3765 | D:4      | Found a shadowy altar of Dithmenos.
  3844 | D:5      | Entered Level 5 of the Dungeon
  4034 | D:5      | Reached skill level 7 in Poison Magic
  4183 | D:5      | Reached XP level 8. HP: 47/48 MP: 12/14
  4366 | D:5      | Found a radiant altar of Vehumet.
  4367 | D:5      | Found a burning altar of Makhleb.
  4484 | D:6      | Reached skill level 5 in Spellcasting
  4857 | D:6      | Reached skill level 8 in Poison Magic
  5114 | D:6      | Found a staircase to the Ecumenical Temple.
  5127 | D:6      | Reached skill level 1 in Maces & Flails
  5193 | D:6      | Found Zyub's Distillery.
  5237 | D:6      | Got a crystal mace
  5252 | D:6      | Identified the +10 mace "Beast's Regret" {vamp, +Rage +Fly Str+4} (You found it on level 6 of the Dungeon)
  5408 | Temple   | Entered the Ecumenical Temple
  5416 | Temple   | Became a worshipper of Hepliaklqana
  5532 | D:7      | Got a translucent war axe
  5687 | D:7      | Noticed Duvessa
  5687 | D:7      | Noticed Dowan
  5688 | D:7      | Found a white marble altar of Elyvilon.
  5692 | D:7      | Killed Dowan
  5696 | D:7      | Killed Duvessa
  5715 | D:7      | Gained mutation: Your body sometimes deteriorates upon taking damage. [potion of mutation]
  5715 | D:7      | Gained mutation: You are frail. (-10% HP) [potion of mutation]
  5716 | D:7      | Gained mutation: Your spells are a little harder to cast, but a little more powerful. [potion of mutation]
  5716 | D:7      | Gained mutation: You are occasionally teleported next to monsters. [potion of mutation]
  5717 | D:7      | Gained mutation: Your mind is acute. (Int +2) [potion of mutation]
  5717 | D:7      | Gained mutation: You are partially covered in large bone plates. (SH +4) [potion of mutation]
  5717 | D:7      | Lost mutation: Your spells are a little harder to cast, but a little more powerful. [potion of mutation]
  5720 | D:7      | Gained mutation: You have a beak for a mouth. [potion of beneficial mutation]
  5776 | D:7      | Reached * piety under Hepliaklqana
  5810 | D:7      | Reached XP level 9. HP: 31/43 MP: 16/18
  6045 | D:7      | Identified the +4 war axe "Oskilouw" {drain, rF+ rC+ MR- SInv} (You found it on level 7 of the Dungeon)
  6140 | D:7      | Reached skill level 9 in Poison Magic
  6151 | D:7      | Learned a level 5 spell: Venom Bolt
  6200 | D:7      | Reached ** piety under Hepliaklqana
  6201 | D:7      | Remembered your ancestor Cihuaton as a knight
  6207 | D:7      | Lost mutation: You are occasionally teleported next to monsters. [potion of mutation]
  6518 | D:8      | Found Hijig's Antique Armour Boutique.
  6536 | D:8      | Bought a runed hat for 108 gold pieces
  6692 | D:8      | Identified a scroll of acquirement
  6922 | D:8      | Noticed Maurice
  6931 | D:8      | Killed Maurice
  7089 | D:8      | Noticed Gastronok
  7101 | D:8      | Killed Gastronok
  7101 | D:8      | Reached skill level 5 in Maces & Flails
  7101 | D:8      | Reached skill level 10 in Poison Magic
  7101 | D:8      | Reached XP level 10. HP: 31/49 MP: 7/22
  7590 | D:9      | Reached *** piety under Hepliaklqana
  8380 | D:10     | Entered Level 10 of the Dungeon
  8403 | D:10     | Noticed a hill giant
  8413 | D:10     | Killed a hill giant
  8413 | D:10     | Reached skill level 1 in Shields
  8413 | D:10     | Reached XP level 11. HP: 54/54 MP: 8/23
  8656 | D:10     | Reached skill level 11 in Poison Magic
  8971 | D:10     | Reached **** piety under Hepliaklqana
  9175 | D:10     | Found a staircase to the Orcish Mines.
  9485 | D:11     | Noticed a white ugly thing
  9485 | D:11     | Noticed a cyclops
  9485 | D:11     | Noticed a hill giant
  9486 | D:11     | Noticed an unseen horror
  9495 | D:10     | Slain by a basilisk

Vault maps used:
D:1:      scummos_arrival_gate
D:2:      lemuel_crystal_altar, grunt_decor_arrowhead, minmay_close_crescents,
          uniq_iyjb
D:3:      nicolae_overflow_crystal_walls, first_bread, uniq_sigmund
D:4:      overflow_temple_1_default, tgw_kikubaaqudgha
D:5:      grunt_temple_overflow_lords_of_destruction,
          hangedman_abyss_or_decor_passed
D:6:      serial_shops, kennysheep_mini_moat
D:7:      basic_altar, uniq_duvessa
D:8:      serial_shops, shop, uniq_gastronok, uniq_maurice
D:10:     erik_orc_1, hangedman_pestilent_swarm, hangedman_decor_peaks_small
D:11:     minmay_ambush_box, dpeg_oklobed_lair, serial_shops,
          nicolae_shop_crystal, minmay_orc_keep
Temple:   nicolae_temple_x_marks_the_god

Skill      XL: |  1  2  3  4  5  6  7  8  9 10 11 |
---------------+----------------------------------+-----
Poison Magic   | 5 6 7 8 10 11 | 11.2
Stealth        | 3 4 5 6 8 9 |  9.1
Conjurations   | 1 2 3 |  3.7
Spellcasting   | 3 4 6 8 9 |  9.2
Fighting       | 1 2 3 |  3.9
Short Blades   | 1 |  1.8
Maces & Flails | 2 5 6 |  6.3
Dodging        | 3 |  3.7
Shields        | 1 |  1.6

Action                   |  1- 3 |  4- 6 |  7- 9 | 10-12 || total
-------------------------+-------+-------+-------+-------++-------
Melee: Dagger            |    16 |    64 |    21 |       ||   101
       Constrict         |     5 |    16 |    26 |    14 ||    61
       Tentacles         |     4 |     8 |    20 |    12 ||    44
       Whip              |       |       |    32 |       ||    32
       Mace              |       |       |    63 |    96 ||   159
       Peck              |       |       |     8 |    13 ||    21
 Cast: Sting             |    46 |    62 |    48 |    20 ||   176
       Olgreb's Toxic Ra |       |     5 |    40 |    30 ||    75
       Venom Bolt        |       |       |     2 |       ||     2
Invok: Ancestor Identity |       |       |     1 |       ||     1
       Ancestor Life: Kn |       |       |     1 |       ||     1
       Recall Ancestor   |       |       |       |     1 ||     1
  Use: Scroll            |     3 |       |    10 |     6 ||    19
       Potion            |       |       |    14 |       ||    14
 Stab: Sleeping          |     1 |     7 |    10 |     4 ||    22
       Distracted        |       |       |     1 |     1 ||     2
  Eat: Chunk             |     1 |     8 |    18 |     9 ||    36
       Meat ration       |       |       |     1 |       ||     1
       Royal jelly       |       |       |       |     1 ||     1
Armor: Skin              |     3 |    15 |    19 |    17 ||    54
Dodge: Dodged            |    18 |    34 |    64 |    45 ||   161
Block: Other             |       |       |    11 |     3 ||    14
       Shield            |       |       |       |    43 ||    43
       Reflection        |       |       |       |     2 ||     2
